 Dungeon Crawl Stone Soup version 0.29-a0-555-g3b24f45cc1 (webtiles) character file.

Game seed: 14774306467245833259

27854 grumblor the Cleaver (level 13, 0/73 HPs)
             Began as a Vine Stalker Fighter on June 7, 2022.
             Was a Follower of Ru.
             Slain by a skeletal warrior
             ... wielding a +0 long sword
              (2 damage)
             ... on level 12 of the Dungeon on June 8, 2022.
             The game lasted 00:41:11 (10592 turns).

grumblor the Cleaver (Vine Stalker Fighter)        Turns: 10592, Time: 00:41:12

Health: 0/73       AC: 22    Str: 23    XL:     13   Next: 35%
Magic:  0/23       EV: 10    Int: 12    God:    Ru [*.....]
Gold:   823        SH:  6    Dex: 19    Spells: 12/12 levels left

rFire   . . .      SeeInvis .   b - +9 hand axe of Modesty {venom, Will+ Int+4}
rCold   . . .      Faith    .   c - +0 buckler
rNeg    . . .      Spirit   +   j - +3 chain mail
rPois   .          Reflect  .   M - +2 helmet
rElec   .          Harm     .   J - +2 cloak {Will+}
rCorr   .          Rampage  .   (no gloves)
Will    +++..                   k - +0 pair of boots
Stlth   ..........              (no amulet)
HPRegen 1.02/turn               i - ring of magical power
MPRegen 0.18/turn               w - +6 ring of dexterity

@: no status effects
A: fangs 3, clumsy 1, regeneration 1, magic shield, antimagic bite, no potion
heal 2, no stealth
a: Renounce Religion


You were on level 12 of the Dungeon.
You worshipped Ru.
Ru was aware of your devotion.
You visited 2 branches of the dungeon, and saw 13 of its levels.
You also visited: Sewer and Bailey.

You collected 823 gold pieces.

Inventory:

Hand Weapons
 a - a +1 war axe of flaming
 b - the +9 hand axe of Modesty (weapon) {venom, Will+ Int+4}
   (You found it on level 2 of the Dungeon)

   It poisons the flesh of those it strikes.
   Int:       It affects your intelligence (+4).
   Will:      It increases your willpower.
Missiles
 e - 13 boomerangs (quivered)
 h - 38 poisoned darts
 y - 2 throwing nets
 F - 2 curare-tipped darts
 R - 3 boomerangs of dispersal
Armour
 c - a +0 buckler (worn)
 j - a +3 chain mail (worn)
 k - a +0 pair of boots (worn)
 J - a +2 cloak of willpower (worn)
 M - a +2 helmet (worn)
Jewellery
 i - a ring of magical power (left hand)
 l - a ring of ice
 w - a +6 ring of dexterity (right hand)
 I - a ring of flight
 S - a ring of positive energy
Wands
 n - a wand of digging (9)
 o - a wand of iceblast (5)
 r - a wand of acid (3)
 s - a wand of charming (10)
 K - a wand of polymorph (7)
 L - a wand of paralysis (2)
 Q - a wand of flame (9)
Scrolls
 p - 3 scrolls of poison
 q - 6 scrolls of fear
 u - 2 scrolls of magic mapping
 B - 5 scrolls of teleportation
 E - a scroll of enchant armour
 H - 3 scrolls of enchant weapon
 P - a scroll of identify
Potions
 d - 7 potions of might
 f - 5 potions of mutation
 g - 5 potions of berserk rage
 m - 5 potions of curing
 t - 4 potions of lignification
 v - 2 potions of invisibility
 x - 2 potions of resistance
 A - 5 potions of haste
 C - 3 potions of flight {unknown}
 D - 3 potions of cancellation {unknown}
 O - a potion of attraction {unknown}
Miscellaneous
 N - a box of beasts (inert)


   Skills:
 * Level 10.9 Fighting
 + Level 12.0 Axes
 - Level 2.0 Throwing
 + Level 9.2 Armour
 - Level 4.0 Dodging
 + Level 6.8 Shields
 * Level 4.5 Evocations


You had 12 spell levels left.
You didn't know any spells.
Your spell library contained the following spells:

 Spells                   Type           Power      Damage    Failure   Level
 Slow                     Hex            0%         N/A       94%         1
 Blink                    Tloc           0%         N/A       98%         2
 Ensorcelled Hibernation  Hex/Ice        0%         N/A       98%         2
 Confusing Touch          Hex            0%         N/A       100%        3
 Inner Flame              Hex/Fire       0%         N/A       100%        3
 Spider Form              Tmut/Pois      0%         N/A       100%        3
 Tukima's Dance           Hex            0%         N/A       100%        3
 Vampiric Draining        Necr           0%         2d6       100%        3
 Anguish                  Hex/Necr       0%         N/A       100%        4
 Animate Armour           Summ/Erth      0%         N/A       100%        4
 Cause Fear               Hex            0%         N/A       100%        4
 Passage of Golubria      Tloc           0%         N/A       100%        4
 Blade Hands              Tmut           0%         N/A       100%        5
 Fireball                 Conj/Fire      0%         3d3       100%        5
 Irradiate                Conj/Tmut      0%         3d13      100%        5
 Manifold Assault         Tloc           0%         N/A       100%        5
 Yara's Violent Unravell  Hex/Tmut       0%         3d3       100%        5
 Iron Shot                Conj/Erth      0%         9d1       100%        6
 Starburst                Conj/Fire      0%         6d3       100%        6
 Dragon Form              Tmut           0%         N/A       100%        7
 Storm Form               Tmut/Air       0%         N/A       100%        7
 Discord                  Hex            0%         N/A       100%        8
 Ignition                 Fire           0%         3d3       100%        8
 Chain Lightning          Conj/Air       0%         N/A       100%        9
 Fire Storm               Conj/Fire      0%         5d1       100%        9
 Shatter                  Erth           0%         3d5*      100%        9


Dungeon Overview and Level Annotations

Branches:
Dungeon (12/15)            Temple (1/1) D:6            Lair (0/6) D:10
    Orc (0/2) D:12          Sewer (visited)          Bailey (visited)

Altars:
Cheibriados
Dithmenos
Elyvilon
Fedhas
Gozag
Kikubaaqudgha
Qazlal
Ru
Sif Muna
Uskayaw
Xom
Zin
The Shining One

Shops:
D:12 (


Innate Abilities, Weirdness & Mutations

You have razor-sharp teeth.
You are clumsy. (Dex -2)
Your natural rate of healing is unusually fast.
When hurt, damage is shared between your health and your magic reserves.
Your bite disrupts and absorbs the magic of your enemies.
Potions cannot restore your health.
You cannot be stealthy.


Message History

The skeletal warrior is heavily damaged.
The skeletal warrior hits you with a +0 long sword!
You hit the skeletal warrior.
You bite the skeletal warrior, but do no damage.
The skeletal warrior is heavily damaged.
The skeletal warrior closely misses you.
You hit the skeletal warrior. Your bite misses the skeletal warrior.
The skeletal warrior is heavily damaged.
The skeletal warrior hits you with a +0 long sword!
* * * LOW HITPOINT WARNING * * *
You closely miss the skeletal warrior. You bite the skeletal warrior!
You drain its power.
You feel invigorated.
The skeletal warrior is heavily damaged.
Unknown command.
You hit the skeletal warrior. Your bite misses the skeletal warrior.
The skeletal warrior is heavily damaged.
The skeletal warrior hits you with a +0 long sword!
* * * LOW HITPOINT WARNING * * *
Unknown command.
You barely miss the skeletal warrior.
You bite the skeletal warrior, but do no damage.
The skeletal warrior is heavily damaged.
The skeletal warrior hits you with a +0 long sword!
* * * LOW HITPOINT WARNING * * *
Unknown command.
Okay, then.
You hit the skeletal warrior but do no damage.
The skeletal warrior is heavily damaged.
You slash the skeletal warrior! You bite the skeletal warrior.
You drain its power.
You feel invigorated.
The skeletal warrior is severely damaged.
The skeletal warrior hits you with a +0 long sword!
* * * LOW HITPOINT WARNING * * *
Unknown command.
As you read the scroll of summoning, it crumbles to dust.
Wisps of shadow whirl around you...
The skeletal warrior hits you with a +0 long sword!
* * * LOW HITPOINT WARNING * * *
The skeletal warrior hits you with a +0 long sword.
You die...

♣♣.♣ ♣..♣ #...≈§.... ♣.♣♣ ♣♣.♣
#...≈..... ♣♣.♣♣ ♣.♣ #.........
# ♣♣.♣ ♣♣.♣ #......... # ♣.♣
♣.♣♣ #......... # ♣.♣ ♣♣.♣
#......... # ♣.♣ ♣♣)♣♣
########## ## ♣.♣ ♣.z♣ ### .#
♣(♣♣ ♣@9♣ ###(. .# ♣♣.♣♣ ♣lB♣
###...# .## ♣♣.♣ ♣.[♣ ###...###
..#####.########..#######...###
# #.....................#...###
#####################...###
#####


You could see a skeletal warrior (ally target), a friendly boulder beetle
(summoned), a friendly basilisk (summoned) and a friendly gargoyle (summoned).

Vanquished Creatures
  Gastronok (D:11)
  Kirke (D:12)
  Josephine (D:11)
  Fannar (D:11)
  Erolcha (D:11)
  2 two-headed ogres
  2 boulder beetles (D:11)
  Erica (D:8)
  Nergalle (D:12)
  Urug (D:11)
  5 skeletal warriors (D:12)
  A deep elf pyromancer (D:12)
  An orc knight (D:12)
  3 manticores
  Maurice (D:8)
  An elephant (D:10)
  A kobold demonologist (D:12)
  2 gargoyles (D:12)
  An unseen horror (D:12)
  Maggie (D:8)
  Psyche (D:8)
  Prince Ribbit (D:5)
  3 hornets (D:9)
  A troll (D:12)
  3 slime creatures (D:12)
  5 wraiths
  14 spriggans
  A vampire (D:11)
  7 wyverns
  8 yaks
  A basilisk (D:10)
  6 hogs (D:12)
  Menkaure (D:7)
  Edmund (D:5)
  4 acid dragons
  A water moccasin (D:8)
  3 black bears
  An orc warrior (D:12)
  A sky beast (D:8)
  2 ice beasts (D:5)
  8 ogres
  The ghost of Hubjo the Insei, an amateur DsTm of Lugonu (D:3)
  2 centaurs
  4 kobold brigands (D:9)
  A gnoll sergeant (D:10)
  4 bullfrogs
  A necrophage (D:7)
  2 scorpions
  5 wights (D:7)
  9 killer bees
  5 howler monkeys
  5 orc priests
  A gnoll shaman (D:8)
  2 hounds (D:7)
  An iguana (D:7)
  6 orc wizards
  22 gnolls
  9 adders
  10 river rats
  A white imp (D:7)
  4 ufetubi
  4 worms
  4 dart slugs
  23 orcs
  2 bats
  5 endoplasms
  9 giant cockroaches
  5 goblins
  5 hobgoblins
  4 jackals (D:5)
  7 quokkas
  23 ball pythons
  4 frilled lizards
  8 kobolds
  39 rats
339 creatures vanquished.

Vanquished Creatures (others)
  An ugly thing (D:12)
  A vampire mosquito (D:12)
  An ogre (Bailey)
  A fungus (D:10)
  2 plants (D:9)
6 creatures vanquished.

Grand Total: 345 creatures vanquished

Notes
Turn   | Place    | Note
-------+----------+-------------------------------------------
     0 | D:1      | grumblor the Vine Stalker Fighter began the quest for the
                  | Orb.
     0 | D:1      | Reached XP level 1. HP: 11/11 MP: 2/2
   222 | D:1      | Found a faded altar of an unknown god.
   292 | D:1      | Reached XP level 2. HP: 14/16 MP: 3/3
  1077 | D:2      | Reached XP level 3. HP: 20/20 MP: 4/4
  1101 | D:2      | Identified the +9 hand axe of Modesty {venom, Will+ Int+4}
  1286 | D:2      | Reached skill level 2 in Axes
  1800 | D:3      | Gained mutation: Your natural rate of healing is unusually
                  | fast. [Vine Stalker growth]
  1800 | D:3      | Reached XP level 4. HP: 24/24 MP: 5/5
  1962 | D:3      | Found a runed translucent door.
  1962 | D:3      | Noticed Hubjo's ghost (amateur DsTm)
  2196 | D:3      | Reached skill level 1 in Throwing
  2196 | D:3      | Reached skill level 1 in Dodging
  2310 | D:3      | Noticed a black bear
  2318 | D:3      | Killed a black bear
  2319 | D:3      | Reached skill level 3 in Axes
  2319 | D:3      | Reached XP level 5. HP: 28/28 MP: 6/6
  2407 | D:3      | Killed Hubjo's ghost
  2408 | D:3      | Reached XP level 6. HP: 31/32 MP: 7/7
  2540 | D:4      | Reached XP level 7. HP: 11/37 MP: 5/8
  2722 | D:4      | Reached skill level 4 in Axes
  3086 | D:5      | Entered Level 5 of the Dungeon
  3170 | D:5      | Identified the +0 helmet "Cemeal" {Int+2}
  3205 | D:5      | Noticed Edmund
  3215 | D:5      | Killed Edmund
  3216 | D:5      | Reached skill level 5 in Axes
  3216 | D:5      | Gained mutation: You have razor-sharp teeth. [Vine Stalker
                  | growth]
  3216 | D:5      | Reached XP level 8. HP: 36/42 MP: 9/9
  3358 | D:5      | Found an opulent altar of Gozag.
  3379 | D:5      | Found a shimmering blue altar of Sif Muna.
  3382 | D:5      | Found a snail-covered altar of Cheibriados.
  3395 | D:5      | Found an ancient bone altar of Kikubaaqudgha.
  3552 | D:5      | Found a white marble altar of Elyvilon.
  3556 | D:5      | Noticed Prince Ribbit
  3569 | D:5      | Killed Prince Ribbit
  3571 | D:5      | Reached skill level 6 in Axes
  3683 | D:5      | Found a glowing drain.
  3691 | Sewer    | Entered a sewer
  3716 | Sewer    | Reached skill level 5 in Fighting
  3812 | Sewer    | Identified the +5 chain mail of Meistruj {rPois rF- Int+4
                  | SInv}
  3900 | Sewer    | Reached XP level 9. HP: 40/47 MP: 10/10
  4136 | D:6      | Reached skill level 7 in Axes
  4291 | D:6      | Found a staircase to the Ecumenical Temple.
  4321 | Temple   | Entered the Ecumenical Temple
  4333 | Temple   | Became a worshipper of Ru the Awakened
  4684 | D:7      | Reached skill level 5 in Armour
  4927 | D:7      | Noticed Menkaure
  4935 | D:7      | Killed Menkaure
  5397 | D:8      | Reached XP level 10. HP: 42/53 MP: 11/11
  5420 | D:8      | Reached skill level 8 in Axes
  5420 | D:8      | Gained mutation: You cannot be stealthy. [Ru sacrifice]
  5525 | D:8      | Found a flagged portal.
  5538 | Bailey   | Entered a bailey
  5766 | Bailey   | Noticed a two-headed ogre
  5772 | Bailey   | Killed a two-headed ogre
  5834 | Bailey   | Identified the +11 long sword of the People {vorpal, Dex+3
                  | Stlth+}
  5958 | D:8      | Noticed Maurice
  5967 | D:8      | Killed Maurice
  5975 | D:8      | Noticed Erica
  6044 | D:8      | Killed Erica
  6045 | D:8      | Reached skill level 9 in Axes
  6071 | D:8      | Found a shimmering altar of Xom.
  6107 | D:8      | Reached XP level 11. HP: 59/59 MP: 12/12
  6127 | D:8      | Noticed Psyche
  6351 | D:8      | Killed Psyche
  6352 | D:8      | Reached skill level 5 in Shields
  6412 | D:8      | Noticed Maggie
  6422 | D:8      | Killed Maggie
  6634 | D:9      | Paralysed by a hornet for 1 turns
  7578 | D:10     | Entered Level 10 of the Dungeon
  7615 | D:10     | Found a staircase to the Lair.
  7629 | D:10     | Gained mutation: You are clumsy. (Dex -2) [Ru sacrifice]
  7629 | D:10     | Reached * piety under Ru
  8286 | D:10     | Found a glowing silver altar of Zin.
  8290 | D:10     | Found a stormy altar of Qazlal.
  8293 | D:10     | Found a hide-covered altar of Uskayaw.
  8321 | D:11     | Noticed Fannar
  8337 | D:11     | Killed Fannar
  8338 | D:11     | Reached skill level 10 in Axes
  8504 | D:11     | Noticed Gastronok
  8570 | D:11     | Killed Gastronok
  8682 | D:11     | Noticed Josephine
  8696 | D:11     | Killed Josephine
  8697 | D:11     | Reached XP level 12. HP: 66/66 MP: 13/13
  8705 | D:11     | Reached skill level 1 in Evocations
  8759 | D:11     | Noticed a boulder beetle
  8791 | D:11     | Killed a boulder beetle
  8875 | D:11     | Noticed Urug
  8876 | D:11     | Noticed Erolcha
  8884 | D:11     | Killed Urug
  8889 | D:11     | Killed Erolcha
  8945 | D:11     | Noticed a two-headed ogre
  8945 | D:11     | Noticed a boulder beetle
  8957 | D:11     | Killed a boulder beetle
  8964 | D:11     | Killed a two-headed ogre
  9054 | D:11     | Reached skill level 11 in Axes
  9295 | D:12     | Noticed Nergalle
  9310 | D:12     | Killed Nergalle
  9411 | D:12     | Reached skill level 10 in Fighting
  9423 | D:12     | Found a staircase to the Orcish Mines.
  9423 | D:12     | Found Eteedyoj's Weapon Boutique.
  9548 | D:12     | Noticed Kirke
  9565 | D:12     | Killed Kirke
  9796 | D:12     | Reached XP level 13. HP: 63/72 MP: 14/14
 10576 | D:12     | Reached skill level 12 in Axes
 10591 | D:12     | HP: 1/73 [skeletal warrior/+0 long sword (7)]
 10592 | D:12     | Slain by a skeletal warrior

Illustrated notes

Levels and vault maps discovered:
D:1:      nicolae_arrival_somewhat_less_tricky_arrival, layout_basic,
          chequers_ecumenical_altar_simple
D:2:      layout_loops_ring
D:3:      layout_basic, hellmonk_ghost_happy_afterlife, due_unseen_surprise
D:4:      layout_basic, minmay_rat_hole
D:5:      layout_rooms, elyvilon_altar_5, grunt_temple_overflow_cloverleaf,
          portal_sewer_entry_e, st_stairs_4, sigmund_army, uniq_edmund,
          uniq_prince_ribbit1
D:6:      layout_basic, minmay_temple_entry_stoned_glass, skrybe_limestone_x
D:7:      layout_loops_ring, uniq_menkaure
D:8:      layout_cave_pools, kennysheep_mini_moat, enter_bailey_6, uniq_erica,
          uniq_psyche, uniq_maggie, uniq_maurice
D:9:      layout_loops_ring, roderic_lattice_a, serial_bayou_pond_b,
          nicolae_zen_rock_garden, grunt_decor_junction
D:10:     layout_irregular_city, minmay_overflow_temple_star_quad,
          david_lair_generic
D:11:     layout_roguey, uniq_urug, uniq_josephine, uniq_gastronok, uniq_fannar,
          uniq_erolcha
D:12:     kb_forest_paths, layout_basic, orc_david_3, uniq_nergalle, uniq_kirke
Temple:   dshaligram_water_room_temple

Skill      XL: |  1  2  3  4  5  6  7  8  9 10 11 12 13 |
---------------+----------------------------------------+-----
Fighting       | 3 4 5 6 7 9 10 | 10.9
Axes           | 2 3 5 6 7 9 10 11 12 | 12.0
Armour         | 3 4 5 6 8 9 |  9.2
Throwing       | 1 2 |  2.0
Dodging        | 1 2 3 4 |  4.0
Shields        | 3 4 6 |  6.8
Evocations     | 3 4 |  4.5

Action                   |  1- 3 |  4- 6 |  7- 9 | 10-12 | 13-15 || total
-------------------------+-------+-------+-------+-------+-------++-------
Melee: War axe           |    59 |       |       |       |       ||    59
       Bite              |    18 |     8 |    65 |   144 |    38 ||   273
       Hand axe          |    21 |    33 |   226 |   367 |   100 ||   747
       Unarmed           |       |       |       |     1 |       ||     1
Throw: Dart              |       |     1 |     2 |    29 |       ||    32
       Boomerang         |       |       |     2 |    12 |       ||    14
       Throwing net      |       |       |       |     2 |       ||     2
       Javelin           |       |       |       |     3 |     6 ||     9
Invok: Sacrifice Stealth |       |       |       |     1 |       ||     1
       Sacrifice Purity  |       |       |       |     1 |       ||     1
       Reject Sacrifices |       |       |       |     1 |       ||     1
Evoke: Wand              |       |       |       |    15 |     8 ||    23
       Box of beasts     |       |       |       |     1 |     1 ||     2
  Use: Scroll            |     7 |     2 |    11 |     5 |     2 ||    27
       Potion            |       |       |       |     4 |     1 ||     5
Armor: Scale mail        |    24 |       |       |       |       ||    24
       Chain mail        |    10 |    21 |   104 |   191 |    39 ||   365
Dodge: Dodged            |    32 |     7 |   102 |   151 |    22 ||   314
Block: Buckler           |    11 |     9 |    60 |   102 |    17 ||   199

Table legend: (Time is in decaauts)
 A = Elapsed time spent in this place.
 B = Non-inter-level travel time spent in this place.
 C = Inter-level travel time spent in this place.
 D = Time resting spent in this place.
 E = Time spent auto-exploring this place.
 F = Levels seen in this place.
 G = Mean time per level.
                   A        B        C        D        E       F      G
               +--------+--------+--------+--------+--------+-----+--------+
         Total |  10624 |  10373 |    251 |    558 |   7438 |  15 |  708.3 |
       Dungeon |   9938 |   9693 |    245 |    417 |   7189 |  12 |  828.2 |
        Temple |     18 |     12 |      6 |      0 |      3 |   1 |   18.0 |
         Sewer |    304 |    304 |      0 |      0 |    178 |   1 |  304.0 |
        Bailey |    361 |    361 |      0 |    141 |     68 |   1 |  361.0 |
               +--------+--------+--------+--------+--------+-----+--------+

Top non-repeatable levels by time:
    D:12: 1262 daAuts
     D:1: 1023 daAuts
    D:11: 959 daAuts
     D:9: 946 daAuts
     D:7: 943 daAuts
     D:2: 804 daAuts
    D:10: 738 daAuts
     D:5: 696 daAuts
     D:3: 676 daAuts
     D:8: 651 daAuts
     D:4: 622 daAuts
     D:6: 614 daAuts
  Bailey: 361 daAuts
   Sewer: 304 daAuts
  Temple: 18 daAuts
